 Dungeon Crawl Stone Soup version 0.28-a0-1190-g77e1c55843 (webtiles) character file.

Game seed: 14501942096763071586

67 Decritt the Skirmisher (level 4, -9/41 HPs)
             Began as a Hill Orc Fighter on Dec 18, 2021.
             Killed by divine providence
             ... invoked by an orc priest
              (10 damage)
             ... on level 2 of the Dungeon.
             The game lasted 00:03:34 (2157 turns).

Decritt the Skirmisher (Hill Orc Fighter)           Turns: 2157, Time: 00:03:34

Health: -9/41      AC: 11    Str: 20    XL:     4   Next: 18%
Magic:  4/4        EV:  7    Int:  8    God:
Gold:   129        SH:  4    Dex: 10    Spells: 3/3 levels left

rFire   . . .      SeeInvis .   a - +0 war axe
rCold   . . .      Faith    .   c - +0 buckler
rNeg    . . .      Spirit   .   i - +0 chain mail
rPois   .          Reflect  .   h - +0 helmet
rElec   .          Harm     .   m - +0 cloak
rCorr   .          Rampage  .   (no gloves)
Will    +....                   (no boots)
Stlth   ..........              (no amulet)
HPRegen 0.13/turn               e - ring of willpower
MPRegen 0.09/turn               (no ring)

@: no status effects
A: no striking features
a: Convert to Beogh


You were on level 2 of the Dungeon.
You visited 1 branch of the dungeon, and saw 3 of its levels.

You collected 129 gold pieces.

Inventory:

Hand Weapons
 a - a +0 war axe (weapon)
Armour
 b - a +0 scale mail
 c - a +0 buckler (worn)
 h - a +0 helmet (worn)
 i - a +0 chain mail (worn)
 m - a +0 cloak (worn)
Jewellery
 e - a ring of willpower (left hand)
Scrolls
 g - a scroll of identify {unknown}
 k - a scroll of holy word {unknown}
Potions
 d - a potion of might
 f - a potion of heal wounds {unknown}
 j - a potion of invisibility {unknown}
 l - 2 potions of mutation {unknown}


   Skills:
 * Level 4.5 Fighting
 * Level 4.0 Axes
 + Level 3.6 Armour
 + Level 3.7 Shields


You had 3 spell levels left.
You didn't know any spells.
Your spell library contained the following spells:

 Spells                   Type           Power      Damage    Failure   Level
 Pain                     Necr           0%         1d4       99%         1
 Agony                    Necr           0%         N/A       100%        5
 Excruciating Wounds      Necr           0%         N/A       100%        5


Dungeon Overview and Level Annotations

Branches:
Dungeon (3/15)

Altars:


Message History

You closely miss the quokka.
The quokka is heavily wounded.
You hit the giant cockroach but do no damage.
You hit the giant cockroach.
You kill the giant cockroach!
The orc priest threatens, "By the altar or by the axe, you will meet Beogh!"
The quokka bites you but does no damage.
The giant cockroach barely misses you.
The orc priest looks satisfied for a moment.
Your Axes skill increases to level 4!
You hit the quokka.
The quokka is almost dead.
The orc priest shouts, "Beogh is our master!
Accept the truth or die!"
You hit the orc priest but do no damage.
You closely miss the giant cockroach. The quokka barely misses you.
The giant cockroach closely misses you.
The orc priest hits you but does no damage.
The quokka bites you but does no damage.
The giant cockroach bites you but does no damage.
You barely miss the quokka.
The quokka is almost dead.
You hit the giant cockroach but do no damage.
You barely miss the orc priest.
The orc priest calls down the wrath of Beogh upon you.
Pain shoots through your body!
* * * LOW HITPOINT WARNING * * *
The quokka bites you.
* * * LOW HITPOINT WARNING * * *
The giant cockroach barely misses you. You block the quokka's attack.
The orc priest hits you but does no damage.
You hit the quokka.
You kill the quokka!
You barely miss the orc priest. You hit the giant cockroach.
You kill the giant cockroach!
The orc priest calls down the wrath of Beogh upon you.
Beogh smites you!
* * * LOW HITPOINT WARNING * * *
The orc priest mumbles some strange prayers to Beogh against you.
Beogh smites you!
You die...

...##....#8###8##
#####.......#
##.##.##.########
#......#.##.#
##.##.##.##.##..#
#......#....#
##.##.......<...#
#.........###
#####.##.#......# #......##.#
##....##...#....####.........#
#<.........#..............##.#
#..#####.#.+...#####......##.#
.........###...#@oo...##+###>#
##########
#####††.....#####.### ### ###
#.^.............# ..#
#.####.......######### ..#
#.#..........# #.#
#...##......## #.#
#...######### ### #.####
#.##.#


You could see 2 orc priests.

Vanquished Creatures
  3 adders (D:2)
  A dart slug (D:1)
  3 endoplasms
  3 giant cockroaches (D:2)
  5 goblins (D:1)
  3 hobgoblins (D:1)
  2 jackals (D:1)
  4 quokkas
  2 ball pythons (D:1)
  3 bats
  3 frilled lizards
  3 kobolds
  3 rats
  A spectral goblin (D:1)
  2 toadstools (D:1)
41 creatures vanquished.

Vanquished Creatures (others)
  2 toadstools (D:1)
2 creatures vanquished.

Grand Total: 43 creatures vanquished

Notes
Turn   | Place    | Note
-------+----------+-------------------------------------------
     0 | D:1      | Decritt the Hill Orc Fighter began the quest for the Orb.
     0 | D:1      | Reached XP level 1. HP: 19/19 MP: 1/1
   393 | D:1      | Reached XP level 2. HP: 6/27 MP: 2/2
   957 | D:1      | Found a faded altar of an unknown god.
  1038 | D:1      | Reached XP level 3. HP: 29/33 MP: 3/3
  2096 | D:2      | Reached XP level 4. HP: 40/41 MP: 4/4
  2157 | D:2      | HP: 1/41 [orc priest/divine providence (14)]
  2157 | D:2      | Killed from afar by an orc priest

Illustrated notes

Levels and vault maps discovered:
D:1:      ldierk_water_garden, layout_loops_corners,
          dreamdust_ecumenical_altar_drowned_temple
D:2:      layout_basic, corexii_hall_statues_u
D:3:      layout_rooms, gammafunk_ghost_gnarly_gnolls, serial_shops,
          shop_scrolls

Skill      XL: |  1  2  3  4 |
---------------+-------------+-----
Axes           | 3 4 |  4.0
Fighting       | 4 |  4.5
Armour         | |  3.6
Shields        | |  3.7

Action                   |  1- 3 |  4- 6 || total
-------------------------+-------+-------++-------
Melee: War axe           |   115 |     5 ||   120
Armor: Scale mail        |    23 |       ||    23
       Chain mail        |    31 |     8 ||    39
Dodge: Dodged            |    44 |     6 ||    50
Block: Buckler           |    27 |     3 ||    30

Table legend: (Time is in decaauts)
 A = Elapsed time spent in this place.
 B = Non-inter-level travel time spent in this place.
 C = Inter-level travel time spent in this place.
 D = Time resting spent in this place.
 E = Time spent auto-exploring this place.
 F = Levels seen in this place.
 G = Mean time per level.
                   A        B        C        D        E       F      G
               +--------+--------+--------+--------+--------+-----+--------+
         Total |   2201 |   2168 |     33 |    460 |   1374 |   3 |  733.7 |
       Dungeon |   2201 |   2168 |     33 |    460 |   1374 |   3 |  733.7 |
               +--------+--------+--------+--------+--------+-----+--------+

Top non-repeatable levels by time:
     D:1: 1472 daAuts
     D:2: 723 daAuts
     D:3: 5 daAuts
